Map: Washout LE

Players

Shino - Winner!

  • Race: Zerg Zerg
  • League: Grandmaster
  • Spawn Location: 1:00

HolyHit

  • Race: Protoss Protoss
  • League: Grandmaster
  • Spawn Location: 7:00

Event: HomeStory Cup XXIX

VOD

Have the link to the VOD?

Description

Time

  • Played on: July 3, 2026, 9:21 a.m.
  • Length: 10:09

All games in this series

Show
View Real Time Build Order
Export as new Build Order

Shino Zerg - Winner!

Build Orders: Hatch First 

Get SALT Encoding   

  8  0:00  Drone  
  9  0:10  Drone  
  10  0:16  Drone  
  11  0:27  Overlord  
  11  0:33  Drone  
  12  0:45  Drone x2  
  14  0:50  Drone  
  15  1:01  Drone  
  16  1:15  Hatchery  
  15  1:19  Drone  
  15  1:22  Drone  
  17  1:30  Drone  
  18  1:37  Extractor  
  17  1:41  Spawning Pool  
  17  1:45  Drone  
  17  1:49  Drone  
  18  2:02  Drone  
  19  2:13  Overlord  
  19  2:24  Drone  
  19  2:28  Queen x2  
  24  2:32  Zergling x2  
  24  2:33  Zergling x2  
  26  2:38  Drone  
  26  2:40  Drone  
  26  2:44  Metabolic Boost  
  28  2:50  Overlord  
  28  2:53  Drone  
  30  2:58  Drone  
  30  3:11  Hatchery  
  29  3:16  Zergling x2  
  29  3:17  Zergling x2  
  29  3:18  Zergling x2  
  32  3:23  Zergling x2  
  32  3:26  Drone  
  34  3:27  Drone  
  34  3:32  Drone  
  36  3:38  Queen  
  36  3:39  Overlord  
  38  3:42  Drone  
  38  3:44  Drone  
  40  3:54  Evolution Chamber  
  39  3:57  Drone  
  39  3:58  Drone x2  
  39  3:59  Evolution Chamber  
  40  4:06  Drone x2  
  40  4:09  Drone  
  41  4:11  Spore Crawler  
  41  4:14  Spore Crawler  
  40  4:19  Drone x2  
  40  4:23  Drone  
  42  4:27  Spore Crawler, Drone x2  
  43  4:33  Drone x2  
  43  4:35  Drone  
  43  4:37  Drone  
  47  4:38  Drone  
  47  4:41  Evolution Chamber  
  47  4:44  Drone  
  48  4:45  Drone  
  48  4:46  Drone  
  48  4:48  Drone  
  48  4:51  Overlord  
  51  5:01  Drone  
  51  5:05  Overlord  
  52  5:09  Queen  
  52  5:10  Zerg Melee Weapons Level 1  
  52  5:11  Drone x3  
  52  5:12  Drone  
  58  5:15  Drone x2  
  58  5:18  Overlord  
  58  5:20  Overlord  
  60  5:33  Baneling Nest  
  60  5:34  Drone x2  
  60  5:35  Drone  
  60  5:37  Drone x2  
  60  5:39  Overlord  
  60  5:40  Zergling x8  
  66  5:44  Queen  
  66  5:46  Drone x2  
  70  5:52  Drone  
  70  5:54  Overlord, Extractor  
  70  5:56  Extractor  
  68  5:57  Drone x3  
  68  6:03  Zergling x2  
  71  6:05  Overlord  
  71  6:08  Lair  
  71  6:10  Drone  
  71  6:11  Drone x6  
  78  6:14  Extractor  
  78  6:16  Drone  
  78  6:18  Drone  
  78  6:23  Drone x4  
  83  6:27  Hatchery  
  83  6:28  Overlord  
  83  6:30  Zergling x4  
  84  6:32  Extractor  
  84  6:37  Zergling x8  
  87  6:41  Zergling x4  
  87  6:47  Overlord  
  89  6:48  Zergling x8  
  89  6:51  Zergling x6  
  96  6:55  Hatchery  
  96  6:57  Zergling x2  
  96  6:58  Spine Crawler  
  96  7:00  Overlord  
  95  7:02  Zergling x2  
  95  7:04  Zergling x6  
  95  7:05  Zergling x2  
  100  7:12  Zergling x10  
  105  7:20  Zergling x12  
  105  7:21  Zerg Melee Weapons Level 2, Hydralisk Den  
  107  7:34  Zergling x12  
  102  7:38  Zergling x2  
  102  7:39  Overseer  
  102  7:41  Queen  
  102  7:44  Overlord  
  102  7:45  Zergling x10  
  107  7:52  Overlord  
  101  7:59  Hydralisk x6  
  101  8:00  Grooved Spines  
  103  8:09  Hydralisk x2  
  103  8:10  Hydralisk x5  
  107  8:13  Queen  
  107  8:16  Zergling x4  
  107  8:19  Overlord  
  105  8:23  Zergling x8  
  105  8:24  Zergling x2  
  105  8:30  Zergling x4  
  105  8:31  Zergling x8  
  110  8:38  Zergling x12  
  110  8:39  Zergling x2  
  116  8:44  Drone  
  116  8:45  Drone x3  
  120  8:49  Zergling x8  
  120  8:50  Muscular Augments  
  120  8:55  Drone x5  
  129  9:03  Drone x2  
  129  9:09  Zergling x22  
  140  9:22  Zergling x22  
  150  9:30  Spore Crawler  
  139  9:33  Zergling x8  
  139  9:38  Hatchery  
  134  9:40  Zergling x16  
  134  9:45  Zergling x6  
Show
View Real Time Build Order
Export as new Build Order

HolyHit Protoss 

Build Orders: Oracle Opening 

Get SALT Encoding   

  8  0:00  Probe (Chrono Boost)  
  9  0:12  Probe (Chrono Boost)  
  10  0:18  Probe (Chrono Boost)  
  11  0:26  Probe  
  12  0:33  Pylon  
  12  0:39  Probe  
  13  0:51  Probe  
  14  0:59  Gateway  
  14  1:04  Probe (Chrono Boost)  
  15  1:14  Assimilator, Probe (Chrono Boost)  
  16  1:19  Probe (Chrono Boost)  
  17  1:30  Probe  
  18  1:42  Probe  
  19  1:54  Nexus  
  19  2:04  Cybernetics Core  
  19  2:06  Probe  
  20  2:12  Assimilator  
  20  2:18  Probe  
  20  2:22  Pylon  
  21  2:37  Adept (Chrono Boost)  
  21  2:40  Probe  
  24  2:51  Stargate  
  24  2:52  Probe  
  25  3:00  Adept (Chrono Boost)  
  25  3:04  Probe  
  28  3:07  Probe  
  28  3:08  Warp Gate  
  29  3:16  Probe  
  29  3:19  Probe  
  31  3:26  Stalker  
  33  3:28  Probe  
  33  3:31  Probe  
  35  3:40  Probe  
  35  3:41  Oracle (Chrono Boost)  
  36  3:43  Probe  
  36  3:48  Pylon  
  40  3:52  Probe  
  41  4:09  Probe  
  42  4:10  Probe  
  43  4:19  Nexus  
  43  4:21  Probe, Oracle (Chrono Boost)  
  43  4:22  Pylon, Probe  
  44  4:31  Gateway  
  44  4:33  Probe  
  44  4:35  Probe  
  46  4:41  Twilight Council  
  46  4:44  Shield Battery  
  46  4:45  Probe  
  47  4:47  Probe  
  47  4:52  Assimilator  
  48  4:57  Probe  
  49  5:03  Adept, Probe  
  52  5:09  Probe  
  52  5:13  Oracle  
  55  5:15  Probe  
  56  5:21  Probe  
  56  5:27  Probe (Chrono Boost)  
  58  5:28  Blink (Chrono Boost), Gateway  
  58  5:30  Gateway  
  60  5:39  Probe (Chrono Boost)  
  60  5:40  Probe (Chrono Boost)  
  60  5:41  Probe (Chrono Boost)  
  61  5:43  Gateway  
  61  5:44  Adept, Forge  
  61  5:45  Adept  
  61  5:47  Probe (Chrono Boost)  
  61  5:48  Probe (Chrono Boost)  
  67  5:51  Probe  
  68  5:57  Probe  
  68  5:58  Probe  
  68  6:03  Probe  
  71  6:06  Protoss Ground Weapons Level 1  
  71  6:09  Probe  
  71  6:10  Probe  
  71  6:16  Pylon  
  71  6:19  Pylon  
  71  6:21  Pylon  
  71  6:31  Gateway  
  71  6:32  Assimilator  
  71  6:33  Pylon, Gateway  
  71  6:34  Probe  
  71  6:35  Stalker x3  
  71  6:38  Stalker  
  80  6:53  Probe x2  
  82  6:54  Pylon  
  82  6:55  Gateway  
  82  6:56  Pylon  
  82  6:58  Stalker x4  
  90  7:08  Stalker  
  90  7:10  Probe  
  90  7:13  Probe  
  94  7:20  Stalker x4  
  102  7:24  Probe  
  102  7:26  Pylon  
  91  7:38  Stalker x2  
  91  7:42  Probe x2  
  97  7:44  Gateway  
  97  7:47  Gateway  
  97  7:51  Nexus  
  97  7:58  Zealot x5  
  105  8:02  Protoss Ground Weapons Level 2 (Chrono Boost)  
  105  8:03  Zealot x2  
  105  8:05  Charge  
  99  8:09  Probe  
  99  8:10  Probe  
  91  8:16  Probe  
  84  8:21  Zealot x5  
  92  8:27  Stalker x2  
  85  8:43  Stalker x5  
  95  8:51  Probe x2  
  95  8:54  Zealot x4  
  105  9:00  Pylon  
  102  9:06  Stalker x3  
  104  9:20  Stalker x5  
  108  9:31  Probe, Zealot x4  
  103  9:38  Stalker  
  100  9:44  Zealot  
  100  9:45  Zealot x4  
  100  9:52  Probe x2  
  87  9:54  Zealot  
  87  9:55  Zealot x3  
Tags
 
Add a new tag
Caveats
  • Supply blocks, unpowered buildings, or Contaminate may cause inaccurate times.
  • Supply counts are checked every 10 seconds.